 Dungeon Crawl Stone Soup version 0.18.1-6-gd335043 (webtiles) character file.

168 Chiseanne the Vexing (level 5, -3/28 HPs)
             Began as a Deep Elf Arcane Marksman on May 17, 2016.
             Slain by an iguana (9 damage)
             ... on level 4 of the Dungeon.
             The game lasted 00:11:52 (3870 turns).

Chiseanne the Vexing (Deep Elf Arcane Marksman)     Turns: 3870, Time: 00:11:53

Health: -3/28      AC:  3    Str:  8    XL:     5   Next: 24%
Magic:  7/10       EV: 19    Int: 18    God:
Gold:   190        SH:  0    Dex: 20    Spells: 2 memorised, 5 levels left

rFire  . . .     SeeInvis .     w - +1 hunting sling
rCold  . . .     Gourm    .     l - +0 leather armour
rNeg   . . .     Faith    .     (no shield)
rPois  .         Spirit   .     (no helmet)
rElec  .         Dismiss  .     (no cloak)
rCorr  .         Reflect  .     (no gloves)
SustAt .         Harm     .     (no boots)
MR     .....                    (no amulet)
Stlth  +++.......               (no ring)
                                (no ring)

@: agile, very slightly contaminated, not resistant to hostile enchantments,
fairly stealthy
A: no striking features
a: no special abilities


You were on level 4 of the Dungeon.
You were not hungry.

You visited 1 branch of the dungeon, and saw 4 of its levels.

You collected 190 gold pieces.

Inventory:

Hand Weapons
 a - a +0 hand axe
 w - a +1 hunting sling (weapon)
Missiles
 d - 17 sling bullets (quivered)
 i - 57 bolts
 p - 97 stones
 u - 47 arrows
 x - 12 tomahawks
 A - 11 poisoned needles
Armour
 g - a +0 shield
 l - a +0 leather armour (worn)
Jewellery
 v - a cursed ring of loudness {unknown}
Wands
 y - a wand of lightning (4/15)
Scrolls
 o - a scroll of immolation
 C - a scroll of fog
Potions
 b - a potion of might
 e - a potion of curing
 h - 2 potions of berserk rage {unknown}
 j - a potion of haste {unknown}
 k - a potion of invisibility {unknown}
 m - a potion of degeneration {unknown}
 q - 2 potions of cancellation {unknown}
 r - a potion of agility
 z - a potion of heal wounds {unknown}
Books
 c - a book of Debilitation

   Spells                             Type                      Level
   a - Corona                         Hexes                        1
   b - Slow                           Hexes                        2
   c - Gell's Gravitas                Hexes/Translocation          3
   d - Inner Flame                    Hexes/Fire                   3
   e - Cause Fear                     Hexes                        4
   f - Leda's Liquefaction            Hexes/Earth                  4
 s - a book of the Tempests

   Spells                             Type                      Level
   a - Static Discharge               Conjuration/Air              3
   b - Lightning Bolt                 Conjuration/Air              5
   c - Fireball                       Conjuration/Fire             5
   d - Tornado                        Air                          9
   e - Shatter                        Earth                        9
Comestibles
 f - 2 bread rations
 n - 4 fruits
 t - a beef jerky
 B - 5 chunks of flesh


   Skills:
 - Level 0.7 Fighting
 * Level 3.5 Slings
 + Level 4.0 Dodging
 + Level 2.5 Spellcasting
 + Level 4.2 Hexes


You had 5 spell levels left.
You knew the following spells:

 Your Spells              Type           Power        Failure   Level  Hunger
a - Corona                Hex            ###....      6%          1    #......
b - Inner Flame           Hex/Fire       ##......     34%         3    ###....


Dungeon Overview and Level Annotations

Branches:
Dungeon (4/15)
 Temple: D:4-7

Altars:
Cheibriados
Dithmenos
Kikubaaqudgha
Pakellas


Message History

Press: ? - help, Shift-Dir - straight line, f/p - iguana
Aim: an iguana (chance to defeat MR: 63%)
The iguana struggles to resist.
Firing (i - inventory. (,) - cycle):
d - 18 sling bullets (quivered)
Press: ? - help, Shift-Dir - straight line, f/p - iguana
Aim: an iguana You shoot a sling bullet.
The sling bullet hits the iguana.
The iguana is moderately wounded.
The iguana bites you!
Casting: Corona
Confirm with . or Enter, or press ? or * to list all spells.
Aiming: Corona
Press: ? - help, Shift-Dir - straight line, f/p - iguana
Aim: an iguana (moderately wounded, chance to defeat MR: 63%)
The iguana is outlined in light.
The iguana bites you!
* * * LOW HITPOINT WARNING * * *
Drink which item? (? for menu, Esc to quit)
You feel agile all of a sudden. The iguana bites you!
You die...

.. ##### ..
....! .#
(....###.#
.........
........###
#......#
#l@# #.##
#.# #.# #.#
####.#
##....#
##..####
###.>##


You could see an iguana.

Vanquished Creatures
  2 orc wizards (D:4)
  4 adders
  3 worms
  3 dart slugs
  A giant gecko (D:3)
  6 orcs
  3 ball pythons
  2 bat skeletons (D:3)
  3 bat zombies (D:3)
  2 giant cockroaches
  4 goblins
  7 hobgoblins
  2 jackals (D:1)
  2 quokkas
  4 bats
  A giant newt (D:2)
  4 kobolds
  6 rats
59 creatures vanquished.

Notes
Turn   | Place    | Note
--------------------------------------------------------------
     0 | D:1      | Chiseanne the Deep Elf Arcane Marksman began the quest for the Orb.
     0 | D:1      | Reached XP level 1. HP: 11/11 MP: 5/5
   354 | D:1      | Reached XP level 2. HP: 16/16 MP: 3/6
  1239 | D:2      | Found a snail-covered altar of Cheibriados.
  1333 | D:2      | Reached XP level 3. HP: 20/20 MP: 7/7
  2391 | D:3      | Reached XP level 4. HP: 24/24 MP: 5/8
  2438 | D:3      | Found an oddly glowing altar of Pakellas.
  2576 | D:3      | Learned a level 3 spell: Inner Flame
  2743 | D:3      | Found an ancient bone altar of Kikubaaqudgha.
  3670 | D:4      | Found a shadowy altar of Dithmenos.
  3726 | D:4      | Reached XP level 5. HP: 21/28 MP: 8/10
  3870 | D:4      | Slain by an iguana

Skill      XL: |  1  2  3  4  5 |
---------------+----------------+-----
Slings         | 2 3 |  3.5
Dodging        | 3 4 |  4.0
Spellcasting   | 2 |  2.5
Fighting       | |  0.7
Hexes          | |  4.2

Action                   |  1- 3 |  4- 6 || total
-------------------------+-------+-------++-------
Melee: Hand axe          |     7 |     3 ||    10
 Fire: Hunting sling     |   101 |    80 ||   181
 Cast: Corona            |    21 |    20 ||    41
  Use: Scroll            |     8 |     3 ||    11
       Potion            |       |     2 ||     2
  Eat: Chunk             |     5 |     5 ||    10
Armor: Leather armour    |    10 |    11 ||    21
Dodge: Dodged            |    39 |    39 ||    78
